 Dungeon Crawl Stone Soup version 0.30-a0-134-gb40fab5c76 (webtiles) character file.

Game seed: 2214783916879214063

10703 Flugkiller the Martial Artist (level 12, -6/103 HPs)
             Began as a Meteoran Ice Elementalist on Sept 19, 2022.
             Was a Believer of Uskayaw.
             Constricted to death by Jorgrun (10 damage)
             ... on level 1 of the Orcish Mines.
             The game lasted 00:19:24 (3454 turns).

Flugkiller the Martial Artist (MeIE)                Turns: 3454, Time: 00:19:25

Health: -6/103     AC:  6    Str: 12    XL:     12   Next: 23%
Magic:  9/25       EV: 16    Int: 19    God:    Uskayaw [**....]
Gold:   559        SH:  0    Dex: 16    Spells: 14/27 levels left

rFire   x . .      SeeInvis .      - Unarmed
rCold   + . .      Faith    .    (no shield)
rNeg    . . .      Spirit   .    E - +1 steam dragon scales
rPois   .          Reflect  .    (no helmet)
rElec   .          Harm     .    (no cloak)
rCorr   .          Rampage  .    (no gloves)
Will    +....                    (no boots)
Stlth   +.........               x - amulet of the acrobat
HPRegen 0.27/turn                v - +4 ring of evasion
MPRegen 0.19/turn                u - ring of ice

@: grasped by roots, very slightly contaminated, glowing, constricted
A: sense surroundings 2, otherworldly, glowing, explore regen
a: Renounce Religion, Stomp, Line Pass


You were on level 1 of the Orcish Mines.
You worshipped Uskayaw.
Uskayaw was noncommittal.
You visited 3 branches of the dungeon, and saw 14 of its levels.

You collected 559 gold pieces.

Inventory:

Hand Weapons
 i - a +0 spectral rapier
   (You found it on level 4 of the Dungeon)
Missiles
 p - 6 boomerangs (quivered)
 D - a curare-tipped dart
Armour
 E - +1 steam dragon scales (worn)
   (You found it on level 8 of the Dungeon)
Magical Staves
 y - a staff of cold
   (You found it on level 7 of the Dungeon)
Jewellery
 u - a ring of ice (right hand)
   (You found it on level 5 of the Dungeon)
 v - a +4 ring of evasion (left hand)
   (You found it on level 3 of the Dungeon)
 x - an amulet of the acrobat (around neck)
   (You found it on level 7 of the Dungeon)
 I - an amulet of reflection
   (You found it on level 11 of the Dungeon)
Wands
 c - a wand of flame (40)
   (You found it on level 7 of the Dungeon)
 l - a wand of paralysis (4)
   (You took it off Ijyb on level 5 of the Dungeon)
Scrolls
 d - a scroll of enchant armour
 e - 3 scrolls of brand weapon
 f - a scroll of torment
 h - a scroll of poison
 n - a scroll of fear
 s - a scroll of magic mapping {unknown}
 t - 3 scrolls of teleportation
 z - 2 scrolls of blinking
 B - 2 scrolls of butterflies
 C - a scroll of immolation {unknown}
Potions
 b - 4 potions of magic
 g - a potion of invisibility {unknown}
 j - 2 potions of heal wounds {unknown}
 k - 3 potions of ambrosia {unknown}
 m - a potion of experience {unknown}
 o - a potion of cancellation {unknown}
 q - 4 potions of curing
 r - a potion of haste {unknown}
 w - a potion of lignification {unknown}
 A - a potion of mutation {unknown}
 F - 2 potions of flight {unknown}
 G - a potion of degeneration {unknown}
 H - a potion of brilliance {unknown}
Miscellaneous
 a - a box of beasts (inert)
   (You found it on level 9 of the Dungeon)


   Skills:
 + Level 8.5 Fighting
 - Level 7.0 Dodging
 - Level 1.4 Stealth
 - Level 10.0 Unarmed Combat
 - Level 8.0 Spellcasting
 + Level 6.8 Conjurations
 - Level 9.0 Ice Magic
 + Level 6.0 Air Magic
 - Level 5.0 Evocations


You had 14 spell levels left.
You knew the following spells:

 Your Spells              Type           Power      Damage    Failure   Level
a - Freeze                Ice            100%       1d11      1%          1
b - Frozen Ramparts       Ice            100%       1d16      1%          3
c - Hailstorm             Conj/Ice       54%        3d12      3%          4
d - Freezing Cloud        Conj/Ice/Air   26%        6-21      13%         5

Your spell library contained the following spells:

 Spells                   Type           Power      Damage    Failure   Level
 Shock                    Conj/Air       100%       1d9       1%          1
 Ozocubu's Armour         Ice            58%        N/A       1%          3
 Swiftness                Air            30%        N/A       2%          3
 Mephitic Cloud           Conj/Pois/Air  23%        N/A       4%          3
 Airstrike                Air            15%        2d(3-19)  8%          4
 Ignite Poison            Fire/Tmut/Pois 7%         N/A       26%         3


Dungeon Overview and Level Annotations

Branches:
Dungeon (12/15) Zot: 3990  Temple (1/1) D:5 Zot: 562    Lair (0/5) D:11
    Orc (1/2) D:11 Zot: 404

Altars:
Ashenzari
Cheibriados
Dithmenos
Elyvilon
Fedhas
Hepliaklqana
Kikubaaqudgha
Makhleb
Nemelex Xobeh
Okawaru
Qazlal
Ru
Sif Muna
Trog
Uskayaw
Vehumet
Wu Jian
Yredelemnul
Zin

Shops:
D:4 [   D:8 [   D:9 *   Orc:1 :

Annotations:
D:6 1 runed translucent door, Mgcat's ghost, novice MeFi
D:7 3 runed translucent doors, Flugkiller's ghost, novice MiFi; QuickerDeath's ghost, novice HuWn; p0werm0de's ghost, novice MeCK
Orc:1 Jorgrun


Innate Abilities, Weirdness & Mutations

You passively map the area around you.
You are easily found by Zot.
You glow in the dark.
You regain HP and MP as you explore.


Message History

Okay, then.
Casting: Freezing Cloud (dangerous; 14% risk of failure)
Confirm with . or Enter, or press ? or * to list all spells.
You feel a surge of power!
You miscast Hailstorm.
You are very lightly contaminated with residual magic.
You feel a strange surge of energy. The warg bites you but does no damage.
The orc sorcerer is engulfed in freezing vapours.
Jorgrun is engulfed in freezing vapours.
The grasping roots constrict you!!
Casting: Hailstorm (dangerous; 3% risk of failure)
Confirm with . or Enter, or press ? or * to list all spells.
You feel a surge of power!
A cannonade of hail descends around you!
The hail pelts the orc sorcerer!
You kill the orc sorcerer!
The hail pelts Jorgrun!
Jorgrun is moderately wounded.
The warg misses you.
Jorgrun is engulfed in freezing vapours.
Jorgrun gestures at you while chanting. You resist with some effort.
The grasping roots constrict you! The warg bites you!
* * * LOW HITPOINT WARNING * * *
Your Air Magic skill increases to level 6!
Unknown command.
Unknown command.
Unknown command.
Okay, then.
Unknown command.
Blink to where?
Press: ? - help, Dir - move target You escape the roots grasp.
Found 19 gold pieces.
As you read the scroll of blinking, it crumbles to dust.
Unknown command.
Unknown command.
Casting: Hailstorm (dangerous; 3% risk of failure)
Confirm with . or Enter, or press ? or * to list all spells.
Aiming: Freezing Cloud (dangerous; 13% risk of failure)
Press: ? - help, Dir - move target You feel a surge of power!
The ogre is engulfed in freezing vapours.
Unknown command.
Unknown command.
The warg is engulfed in freezing vapours.
Casting: Freezing Cloud (dangerous; 13% risk of failure)
Confirm with . or Enter, or press ? or * to list all spells.
Aiming: Freeze (safe; 1% risk of failure)
Press: ? - help, Shift-Dir - straight line, f - ogre
Aim: an ogre, wielding a +0 giant club (severely wounded)
You feel a surge of power!
You freeze the ogre.
The ogre is almost dead.
The ogre closely misses you.
Jorgrun is engulfed in freezing vapours.
The warg is engulfed in freezing vapours.
You can now pass through a line of other dancers.
Casting: Freeze (safe; 1% risk of failure)
Confirm with . or Enter, or press ? or * to list all spells.
Aiming: Freeze (safe; 1% risk of failure)
Press: ? - help, Shift-Dir - straight line, f/p - ogre
Aim: an ogre, wielding a +0 giant club (almost dead)
You feel a surge of power!
You freeze the ogre.
You kill the ogre!
Jorgrun is engulfed in freezing vapours.
Jorgrun gestures at you while chanting.
Roots burst forth from the earth!
The grasping roots grab you! The grasping roots constrict you!
Casting: Freeze (safe; 1% risk of failure)
Confirm with . or Enter, or press ? or * to list all spells.
Aiming: Freezing Cloud (dangerous; 13% risk of failure)
Press: ? - help, Dir - move target You feel a surge of power!
The warg barely misses you.
Jorgrun is engulfed in freezing vapours.
The grasping roots constrict you.
Unknown command.
Unknown command.
Casting: Freezing Cloud (dangerous; 13% risk of failure)
Confirm with . or Enter, or press ? or * to list all spells.
Aiming: Freezing Cloud (dangerous; 13% risk of failure)
Press: ? - help, Dir - move target, f - Jorgrun
Aim: Jorgrun, wielding a +0 vorpal quarterstaff and wearing a +2 robe of willpower (heavily wounded)
You feel a surge of power! The warg bites you but does no damage.
Jorgrun is engulfed in freezing vapours.
Jorgrun drinks a potion.
Jorgrun is healed!
The grasping roots constrict you! The warg closely misses you.
Unknown command.
Unknown command.
Okay, then.
Unknown command.
The roots grasp on you weakens, but your attempt to escape fails.
The warg barely misses you.
Jorgrun is engulfed in freezing vapours.
The grasping roots constrict you!!
* * * LOW HITPOINT WARNING * * *
The roots grasp on you weakens, but your attempt to escape fails.
The warg bites you!
* * * LOW HITPOINT WARNING * * *
Jorgrun is engulfed in freezing vapours.
The grasping roots constrict you!
You die...

* , , , ,*,, , #.# *
............... ,,, # * *
............... #### * ,
.......$...#..., ##.#.
,,,, ...............,
#...# , *
*,............... .
*##... **
,............§§# ..##....
** ,
..........§.§§§.........
.......@.§☼§§§§...##....
*
........h.g§°§§..##.....
,.........>§☼§§☼...##....
,
.........$§#§§§.g.#.#...
*
...........§§§)......#..
...............#..#.#.#.
* ,
.....#..........###....#
,
#...........#....#....#*
,,, , , , *
#...$......#...##


You could see Jorgrun and a warg.

Vanquished Creatures
  Erica (Orc:1)
  2 cyclopes
  An orc sorcerer (Orc:1)
  A komodo dragon (D:11)
  3 kobold demonologists (D:9)
  A troll (D:9)
  2 hornets (D:9)
  2 shadows (D:11)
  2 wyverns
  A vampire (D:11)
  A wraith (D:11)
  6 yaks
  2 steam dragons
  A warg (Orc:1)
  2 acid dragons (D:9)
  3 water moccasins
  4 orc warriors (D:9)
  2 sky beasts (D:7)
  3 ogres
  3 centaurs (D:9)
  2 phantoms (D:11)
  2 kobold brigands
  2 scorpions
  3 bullfrogs
  A necrophage (D:6)
  2 troll zombies (D:11)
  16 killer bees
  7 howler monkeys
  2 gnoll boudas (D:9)
  3 jellies (D:7)
  3 orc priests
  4 hounds
  6 iguanas
  Ijyb (D:5)
  6 orc wizards
  5 ogre zombies (D:11)
  3 gnolls (D:2)
  6 adders
  A white imp (D:5)
  2 ufetubi
  A worm (D:4)
  25 orcs
  5 endoplasms
  4 giant cockroaches
  A goblin (D:1)
  14 hobgoblins
  2 jackals (D:2)
  16 kobolds
  3 bats
  2 goblin zombies (D:11)
  A hobgoblin skeleton (D:11)
  5 hobgoblin zombies (D:11)
  16 orc zombies (D:11)
  A rat (D:3)
216 creatures vanquished.

Vanquished Creatures (collateral kills)
  A troll (D:9)
  A shadow (D:9)
  A wyvern (D:9)
  A hog (shapeshifter) (D:9)
  A steam dragon (D:9)
  A water moccasin (D:9)
6 creatures vanquished.

Vanquished Creatures (others)
  3 plants (D:11)
3 creatures vanquished.

Grand Total: 225 creatures vanquished

Notes
Turn   | Place    | Note
-------+----------+-------------------------------------------
     0 | D:1      | Flugkiller the Meteoran Ice Elementalist began the quest
                  | for the Orb.
     0 | D:1      | Reached XP level 1. HP: 14/14 MP: 5/5
     4 | D:1      | Found a faded altar of an unknown god.
    25 | D:1      | Reached XP level 2. HP: 10/20 MP: 0/7
   153 | D:2      | Reached XP level 3. HP: 20/26 MP: 6/9
   157 | D:2      | Reached skill level 5 in Ice Magic
   159 | D:2      | Reached XP level 4. HP: 21/33 MP: 2/10
   390 | D:2      | Learned a level 3 spell: Frozen Ramparts
   483 | D:4      | Found Budgh's Antique Armour Boutique.
   516 | D:4      | Found a white marble altar of Elyvilon.
   626 | D:3      | Reached XP level 5. HP: 38/38 MP: 10/12
   660 | D:4      | Reached skill level 5 in Spellcasting
   660 | D:4      | Reached skill level 1 in Fighting
   660 | D:4      | Reached XP level 6. HP: 46/47 MP: 4/14
   882 | D:5      | Entered Level 5 of the Dungeon
   897 | D:5      | Noticed Ijyb
   903 | D:5      | Killed Ijyb
   995 | D:5      | Reached skill level 1 in Unarmed Combat
   995 | D:5      | Reached XP level 7. HP: 46/57 MP: 11/15
  1052 | D:5      | Found a staircase to the Ecumenical Temple.
  1059 | D:5      | Reached skill level 2 in Unarmed Combat
  1060 | D:5      | Noticed a +0 dagger
  1060 | D:5      | Noticed a +0 spear
  1062 | Temple   | Entered the Ecumenical Temple
  1100 | D:5      | Noticed a +0 short sword
  1101 | D:5      | Noticed a +0 falchion
  1101 | D:5      | Noticed a +0 falchion
  1102 | D:5      | Noticed a +0 dagger
  1102 | D:5      | Noticed a +0 spear
  1103 | D:5      | Noticed a +0 short sword
  1106 | D:5      | Found a hide-covered altar of Uskayaw.
  1126 | D:5      | Became a worshipper of Uskayaw the Reveller
  1146 | D:5      | Reached * piety under Uskayaw
  1198 | D:6      | Reached ** piety under Uskayaw
  1217 | D:6      | Noticed Mgcat's ghost (novice MeFi)
  1220 | D:6      | Found a runed translucent door.
  1257 | D:6      | Noticed a water moccasin
  1261 | D:6      | Killed a water moccasin
  1262 | D:6      | Reached skill level 3 in Unarmed Combat
  1308 | D:6      | Reached XP level 8. HP: 58/67 MP: 11/16
  1379 | D:7      | Reached *** piety under Uskayaw
  1380 | D:7      | Reached skill level 4 in Unarmed Combat
  1381 | D:7      | Reached skill level 5 in Fighting
  1381 | D:7      | Reached skill level 5 in Unarmed Combat
  1382 | D:7      | Reached **** piety under Uskayaw
  1452 | D:7      | Noticed a wyvern
  1456 | D:7      | Killed a wyvern
  1457 | D:7      | Reached skill level 6 in Unarmed Combat
  1484 | D:7      | Learned a level 4 spell: Hailstorm
  1657 | D:7      | Reached skill level 1 in Conjurations
  1657 | D:7      | Gained mutation: You passively map the area around you.
                  | [Meteoran growth]
  1657 | D:7      | Reached XP level 9. HP: 48/74 MP: 10/17
  1682 | D:7      | Reached skill level 7 in Unarmed Combat
  1700 | D:7      | Found a runed translucent gate.
  1701 | D:7      | Found a runed translucent gate.
  1702 | D:7      | Found a runed translucent gate.
  1703 | D:7      | Noticed p0werm0de's ghost (novice MeCK)
  1703 | D:7      | Noticed Flugkiller's ghost (novice MiFi)
  1771 | D:7      | Noticed QuickerDeath's ghost (novice HuWn)
  1817 | D:8      | Noticed a four-headed hydra
  1818 | D:8      | Noticed a white ugly thing
  1819 | D:8      | Noticed a four-headed hydra
  1821 | D:8      | Noticed a centaur warrior
  1822 | D:8      | Noticed a centaur warrior
  1823 | D:8      | Noticed a deep elf pyromancer
  1967 | D:8      | Found a blossoming altar of Fedhas.
  1987 | D:8      | Found Julo's Armour Shoppe.
  2194 | D:9      | Reached XP level 10. HP: 81/81 MP: 15/21
  2209 | D:9      | Found a runed translucent door.
  2235 | D:9      | Noticed a kobold demonologist
  2236 | D:9      | Noticed a kobold demonologist
  2244 | D:9      | Killed a kobold demonologist
  2245 | D:9      | Reached skill level 1 in Evocations
  2247 | D:9      | Killed a kobold demonologist
  2248 | D:9      | Reached ***** piety under Uskayaw
  2269 | D:9      | Found Gozag's Platinum Reserve.
  2283 | D:9      | Noticed a kobold demonologist
  2294 | D:9      | Killed a kobold demonologist
  2295 | D:9      | Reached skill level 5 in Dodging
  2295 | D:9      | Reached skill level 8 in Unarmed Combat
  2299 | D:9      | Reached ****** piety under Uskayaw
  2303 | D:9      | Paralysed by a hornet for 1 turns
  2444 | D:9      | Found a runed translucent door.
  2478 | D:9      | Reached skill level 5 in Evocations
  2478 | D:9      | Reached XP level 11. HP: 81/92 MP: 7/22
  2509 | D:9      | Reached skill level 9 in Unarmed Combat
  2525 | D:9      | Noticed a cyclops
  2531 | D:9      | Killed a cyclops
  2551 | D:9      | Reached skill level 10 in Unarmed Combat
  2561 | D:9      | Learned a level 5 spell: Freezing Cloud
  2575 | D:9      | Reached skill level 1 in Air Magic
  2608 | D:10     | Entered Level 10 of the Dungeon
  2772 | D:11     | Reached skill level 5 in Conjurations
  2803 | D:10     | Found a shimmering blue altar of Sif Muna.
  2900 | D:11     | Found a staircase to the Orcish Mines.
  3021 | D:12     | Noticed a boulder beetle
  3069 | D:11     | Found a staircase to the Lair.
  3226 | D:11     | Reached skill level 5 in Air Magic
  3258 | Orc:1    | Entered Level 1 of the Orcish Mines
  3258 | Orc:1    | Noticed a cyclops
  3267 | Orc:1    | Reached XP level 12. HP: 97/101 MP: 8/25
  3282 | Orc:1    | Found Eloupn's Self-Improvement Boutique.
  3292 | Orc:1    | Noticed Erica
  3299 | Orc:1    | Killed Erica
  3441 | Orc:1    | Noticed Jorgrun
  3454 | Orc:1    | HP: 4/103 [warg (15)]
  3454 | Orc:1    | Constricted to death by Jorgrun

Illustrated notes

Levels and vault maps discovered:
D:1:      saegor_arrival_simple_b, layout_rooms,
          hellmonk_ecumenical_altar_arch_garden, dreamdust_princess_corridor
D:2:      layout_loops_ring
D:3:      layout_basic, minivault_11
D:4:      layout_loops_ring, lemuel_tele_altar, nicolae_ossuary_entry_catacombs,
          serial_shops, nicolae_shop_behind_doors
D:5:      layout_basic, nicolae_uskayaw_en_pointe,
          minmay_temple_entry_statues_pillars, uniq_ijyb
D:6:      layout_loops_corners, hellmonk_ghost_happy_afterlife, uniq_eustachio
D:7:      minmay_angry_zag, layout_basic, tso_altar, gammafunk_ghost_cemetery,
          eino_jars
D:8:      layout_gridville, mainiacjoe_overflow_paths, serial_shops,
          nicolae_shop_statue_plus, hangedman_abyss_or_decor_lesser_grid,
          onia_ninara_dug_in_and_dangerous
D:9:      cheibrodos_histonic, layout_cave_pools,
          nicolae_gozag_zags_fifth_avenue, kb_xom_exploding_sheep,
          roderic_batcave
D:10:     layout_basic, nicolae_sif_muna_condensation
D:11:     layout_loops_cross, dpeg_oklobed_lair, zombieorc2_lemuel,
          mrwooster_statue_mirror, nicolae_underground_beach
D:12:     nicolae_whirlpool, layout_loops_ring, serial_bayou_pond_c,
          minmay_shattered_shrine
Temple:   eino_wide_crystal_templ
Orc:1:    cheibrodos_orc_bank, layout_caves, hellmonk_bongcloud_opening,
          nicolae_shop_self_help, uniq_erica, uniq_jorgrun

Skill      XL: |  1  2  3  4  5  6  7  8  9 10 11 12 |
---------------+-------------------------------------+-----
Spellcasting   | 3 4 5 7 8 |  8.0
Ice Magic      | 5 6 8 9 |  9.0
Fighting       | 1 3 4 5 7 8 |  8.5
Dodging        | 3 6 7 |  7.0
Unarmed Combat | 1 3 6 7 8 10 | 10.0
Conjurations   | 1 4 6 |  6.8
Evocations     | 5 |  5.0
Air Magic      | 5 6 |  6.0
Stealth        | |  1.4

Action                   |  1- 3 |  4- 6 |  7- 9 | 10-12 || total
-------------------------+-------+-------+-------+-------++-------
Melee: Unarmed           |     1 |     4 |    18 |    68 ||    91
       Rapier            |       |     3 |       |       ||     3
       Punch             |       |       |       |    12 ||    12
Throw: Boomerang         |       |     6 |       |       ||     6
 Cast: Freeze            |    27 |    54 |    55 |    67 ||   203
       Frozen Ramparts   |       |     5 |    25 |    25 ||    55
       Hailstorm         |       |       |     2 |    28 ||    30
       Freezing Cloud    |       |       |       |     7 ||     7
Evoke: Wand              |       |       |       |     1 ||     1
       Box of beasts     |       |       |       |     1 ||     1
  Use: Scroll            |       |       |     8 |     4 ||    12
       Potion            |       |       |     1 |       ||     1
 Stab: Paralysed         |       |       |       |     4 ||     4
Armor: Robe              |     3 |     9 |     5 |       ||    17
       Steam dragon scal |       |       |     2 |    26 ||    28
Dodge: Dodged            |    10 |    39 |    75 |   123 ||   247

Table legend: (Time is in decaauts)
 A = Elapsed time spent in this place.
 B = Non-inter-level travel time spent in this place.
 C = Inter-level travel time spent in this place.
 D = Time resting spent in this place.
 E = Time spent auto-exploring this place.
 F = Levels seen in this place.
 G = Mean time per level.
                   A        B        C        D        E       F      G
               +--------+--------+--------+--------+--------+-----+--------+
         Total |   3441 |   3265 |    176 |      0 |      0 |  14 |  245.8 |
       Dungeon |   3209 |   3033 |    176 |      0 |      0 |  12 |  267.4 |
        Temple |     37 |     37 |      0 |      0 |      0 |   1 |   37.0 |
  Orcish Mines |    194 |    194 |      0 |      0 |      0 |   1 |  194.0 |
               +--------+--------+--------+--------+--------+-----+--------+

Top non-repeatable levels by time:
     D:7: 443 daAuts
     D:8: 434 daAuts
    D:11: 391 daAuts
     D:9: 374 daAuts
     D:4: 336 daAuts
     D:3: 261 daAuts
    D:10: 248 daAuts
     D:5: 233 daAuts
     D:6: 199 daAuts
   Orc:1: 194 daAuts
     D:2: 167 daAuts
     D:1: 118 daAuts
  Temple: 37 daAuts
    D:12: 1 daAuts
